 Dungeon Crawl Stone Soup version 0.16.1-30-g34a7ffa (webtiles) character file.

238 Yawgmoth the Magician (level 5, -2/35 HPs)
             Began as a Mummy Wizard on June 18, 2015.
             Slain by an orc
             ... wielding a +0 whip
              (3 damage)
             ... on level 4 of the Dungeon.
             The game lasted 00:24:42 (5920 turns).

Yawgmoth the Magician (Mummy Wizard)                Turns: 5920, Time: 00:24:43

Health: -2/35      AC:  3    Str: 10    XL:     5   Next: 78%
Magic:  2/13       EV: 12    Int: 18    God:
Gold:   222        SH:  0    Dex: 10    Spells: 4 memorised, 5 levels left

rFire  x . .     SeeInvis .     o - +0 war axe
rCold  + . .     Clarity  .     a - +0 robe
rNeg   + + +     SustAb   .     (no shield)
rPois  ∞         Gourm    .     b - +1 hat
rElec  .         Spirit   .     (no cloak)
rCorr  .         Warding  .     (no gloves)
rMut   .         Stasis   .     (no boots)
MR     .....                    e - amulet of inaccuracy (curse)
Stlth  ++........               (no ring)
                                (no ring)

@: slowed, very slow, not resistant to hostile enchantments, unstealthy
A: no food or potions, fire vulnerability, restore body, cold resistance 1,
negative energy resistance 3, poison resistance, torment resistance, unbreathing
a: no special abilities


You were on level 4 of the Dungeon.
You were not hungry.

You visited 1 branch of the dungeon, and saw 4 of its levels.

You collected 222 gold pieces.

Inventory:

Hand weapons
 n - a +1 dagger of distortion
 o - a +0 war axe (weapon)
Armour
 a - a +0 robe (worn)
 b - a +1 hat (worn)
Jewellery
 e - a cursed amulet of inaccuracy (around neck)
Scrolls
 d - a scroll of recharging {unknown}
 g - a scroll of fog {unknown}
 h - a scroll of enchant armour
 i - a scroll of enchant weapon {unknown}
 k - a scroll of noise {unknown}
 l - a scroll of blinking {unknown}
 m - a scroll of identify {unknown}
Books
 c - a book of Minor Magic

   Spells                             Type                      Level
   a - Magic Dart                     Conjuration                  1
   b - Blink                          Translocation                2
   c - Call Imp                       Summoning                    2
   d - Repel Missiles                 Charms/Air                   2
   e - Slow                           Hexes                        2
   f - Conjure Flame                  Conjuration/Fire             3
   g - Mephitic Cloud                 Conjuration/Poison/Air       3


   Skills:
 - Level 1.6 Dodging
 - Level 1.7 Stealth
 + Level 4.5 Spellcasting
 * Level 3.5 Conjurations
 - Level 0.7 Summonings
 - Level 0.7 Translocations


You had 5 spell levels left.
You knew the following spells:

 Your Spells              Type           Power        Failure   Level  Hunger
a - Magic Dart            Conj           ###.         3%          1    N/A
b - Call Imp              Summ           #.......     17%         2    N/A
c - Mephitic Cloud        Conj/Pois/Air  #.......     30%         3    N/A
d - Blink                 Tloc           N/A          17%         2    N/A

Dungeon Overview and Level Annotations

Branches:
Dungeon (4/15)
 Temple: D:4-7

Altars:

Annotations:
D:4 Pikel


Innate Abilities, Weirdness & Mutations

You do not eat or drink.
Your flesh is vulnerable to fire.
Your flesh is cold resistant.
You are immune to negative energy.
Your system is resistant to poisons.
You are immune to unholy pain and torment.
You can survive without breathing.


Message History

A rat comes into view.
An orc comes into view. It is wielding a hand axe.
An orc comes into view.
It is wielding a short sword of draining.
The orc hits you.
* * * LOW HITPOINT WARNING * * *
An orc comes into view. It is wielding a short sword.
The orc shouts!
The orc wizard gestures at you while chanting.
You feel yourself slow down. The orc closely misses you.
The orc barely misses you. The orc wizard casts a spell at you.
You resist with some effort. The orc hits you.
* * * LOW HITPOINT WARNING * * *
You are too injured to fight recklessly!
You closely miss the orc.
The orc is moderately wounded.
You closely miss the orc. The orc hits you.
* * * LOW HITPOINT WARNING * * *
The orc hits you with a whip.
You die...

##### #@o.# #.o.#
. #.o.# g
#...##### #.#
#...o)..######.###
#o..###...........
#..(# ###?........
#.o.# #....$....
##r## #.....$...


You could see an orc wizard, 5 orcs and a rat.

Vanquished Creatures
  An ogre (D:3)
  An orc priest (D:3)
  An adder (D:2)
  A giant mite (D:3)
  6 giant geckos
  4 oozes
  An orc (D:3)
  5 giant cockroaches
  10 hobgoblins
  8 jackals
  9 kobolds
  2 quokkas (D:2)
  A ball python (D:2)
  7 bats
  5 giant newts
  9 goblins
  9 rats
80 creatures vanquished.

Vanquished Creatures (collateral kills)
  An ogre (D:4)
  A worm (D:3)
  2 orcs (D:3)
  3 jackals (D:3)
7 creatures vanquished.

Vanquished Creatures (others)
  3 crimson imps
  3 white imps
6 creatures vanquished.

Grand Total: 93 creatures vanquished

Notes
Turn   | Place    | Note
--------------------------------------------------------------
     0 | D:1      | Yawgmoth, the Mummy Wizard, began the quest for the Orb.
     0 | D:1      | Reached XP level 1. HP: 13/13 MP: 4/4
   378 | D:1      | Reached XP level 2. HP: 19/19 MP: 3/6
  1279 | D:1      | Reached skill level 1 in Conjurations
  2012 | D:2      | Reached XP level 3. HP: 24/24 MP: 2/8
  2303 | D:2      | Learned a level 2 spell: Call Imp
  2307 | D:2      | Learned a level 3 spell: Mephitic Cloud
  2310 | D:2      | Learned a level 2 spell: Blink
  3653 | D:2      | Reached XP level 4. HP: 30/30 MP: 5/10
  4133 | D:3      | Reached skill level 4 in Spellcasting
  4662 | D:4      | Noticed Pikel
  4662 | D:4      | Noticed a slave
  4662 | D:4      | Noticed a slave
  4662 | D:4      | Noticed a slave
  4662 | D:4      | Noticed a slave
  5084 | D:3      | Noticed an ogre
  5095 | D:3      | Killed an ogre
  5095 | D:3      | Reached XP level 5. HP: 35/35 MP: 4/13
  5783 | D:4      | Noticed an ogre
  5830 | D:4      | Killed an ogre
  5920 | D:4      | HP: 1/35 [orc (2)]
  5920 | D:4      | Slain by an orc

Action                   |  1- 3 |  4- 6 || total
-------------------------+-------+-------++-------
Melee: Short sword       |    12 |       ||    12
       Mace              |    32 |     4 ||    36
       War axe           |       |     5 ||     5
 Cast: Magic Dart        |   137 |    74 ||   211
       Mephitic Cloud    |     1 |       ||     1
       Call Imp          |       |    25 ||    25
       Blink             |       |     1 ||     1
  Use: Scroll            |       |     3 ||     3
